 Dungeon Crawl Stone Soup version 0.22-a0-322-g60b3cfd (webtiles) character file.

118 grindst0ne the Unweaver (level 5, -3/41 HPs)
             Began as a Formicid Abyssal Knight on Apr 5, 2018.
             Was a Follower of Lugonu.
             Slain by Grinder (5 damage)
             ... on level 5 of the Dungeon.
             The game lasted 00:05:08 (2373 turns).

grindst0ne the Unweaver (Formicid Abyssal Knight)   Turns: 2373, Time: 00:05:10

Health: -3/41      AC:  9    Str: 14 (16) XL:     5   Next: 23%
Magic:  7/7        EV:  5    Int: 10 (12) God:    Lugonu [*.....]
Gold:   146        SH:  3    Dex:  9 (11) Spells: 4/4 levels left

rFire    . . .     SeeInvis +   a - +1 falchion
rCold    . . .     Gourm    .   q - +0 buckler
rNeg     . . .     Faith    .   l - +0 chain mail
rPois    .         Spirit   .   (helmet unavailable)
rElec    .         Reflect  .   (no cloak)
rCorr    .         Harm     .   (no gloves)
MR       .....                  (no boots)
Stlth    ..........             (no amulet)
HPRegen  0.13/turn              (no ring)
MPRegen  0.10/turn              (no ring)

@: no status effects
A: permanent stasis, dig shafts and tunnels, four strong arms, antennae 3
a: Dig, Shaft Self, Depart the Abyss, Renounce Religion


You were on level 5 of the Dungeon.
You worshipped Lugonu.
Lugonu was aware of your devotion.
You were hungry.

You visited 1 branch of the dungeon, and saw 4 of its levels.
You visited the Abyss 1 time.

You collected 146 gold pieces.

Inventory:

Hand Weapons
 a - a +1 falchion (weapon)
Armour
 b - a +0 leather armour
 l - a +0 chain mail (worn)
 q - a +0 buckler (worn)
Scrolls
 d - a scroll of fear {unknown}
 e - a scroll of enchant weapon {unknown}
 f - a scroll of blinking {unknown}
 g - a scroll of remove curse {unknown}
 h - a scroll of teleportation {unknown}
 k - 4 scrolls of identify {unknown}
Potions
 j - a potion of heal wounds
Comestibles
 c - 5 rations


   Skills:
 - Level 3.2 Fighting
 + Level 3.2 Long Blades
 + Level 3.6 Armour
 - Level 0.8 Dodging
 + Level 0.3 Shields
 + Level 3.8 Invocations


You had 4 spell levels left.
You didn't know any spells.

Dungeon Overview and Level Annotations

Branches:
Dungeon (3/15)

Altars:
Ashenzari
Qazlal
Ru
Wu Jian

Annotations:
D:2 exclusion: downstairs
D:3 Purgy
D:5 Grinder


Innate Abilities, Weirdness & Mutations

You cannot be hasted, slowed, berserked, paralysed or teleported.
You can dig through walls and to a lower floor.
Your four strong arms can wield two-handed weapons with a shield.
You have a pair of large antennae on your head. (SInv)


Message History

Grinder is heavily wounded.
Grinder says, "Wait up."
Grinder barely misses you. Grinder hits you.
You writhe in agony.
* * * LOW HITPOINT WARNING * * *
Your chain mail prevents you from hitting Grinder.
Grinder is heavily wounded.
Grinder hits you but does no damage. You block Grinder's attack.
You hit Grinder.
Grinder is heavily wounded.
Grinder barely misses you.
You riposte.
You hit Grinder but do no damage.
Grinder is heavily wounded.
Grinder hits you!
* * * LOW HITPOINT WARNING * * *
Your chain mail prevents you from hitting Grinder.
Grinder is heavily wounded.
Grinder hits you.
* * * LOW HITPOINT WARNING * * *
You writhe in agony.
You die...

#######
#)...?#
####.....###
..........
#......#
#.....# #@#
#5# #.#
##'##
##...##
##....|##
##.......##
#.........#
.'.........+


You could see Grinder.

Vanquished Creatures
  A crimson imp (D:2)
  2 adders
  An ooze (D:2)
  3 worms (D:2)
  4 leopard geckos
  2 orcs
  2 bats
  8 giant cockroaches
  3 goblins
  11 hobgoblins
  2 frilled lizards (D:1)
  3 kobolds
  2 rats (D:2)
44 creatures vanquished.

Notes
Turn   | Place    | Note
-------+----------+-------------------------------------------
     0 | Abyss:1  | grindst0ne the Formicid Abyssal Knight began the quest for the Orb.
     0 | Abyss:1  | Reached XP level 1. HP: 18/18 MP: 2/2
    94 | Abyss:1  | Noticed a ynoxinul
    96 | Abyss:1  | Noticed a small abomination
   101 | D:1      | Escaped the Abyss
   279 | D:1      | Reached * piety under Lugonu
   279 | D:1      | Reached XP level 2. HP: 22/24 MP: 3/3
   875 | D:2      | Noticed a crimson imp
   892 | D:2      | Reached XP level 3. HP: 27/29 MP: 5/5
   932 | D:2      | Reached XP level 4. HP: 14/35 MP: 6/6
  1070 | D:2      | Found a stormy altar of Qazlal.
  1070 | D:2      | Found a sacrificial altar of Ru.
  1378 | D:2      | Found a shattered altar of Ashenzari.
  1592 | D:2      | Found an ornate altar of the Wu Jian Council.
  1749 | D:3      | Noticed Purgy
  1956 | D:3      | Reached XP level 5. HP: 36/41 MP: 7/7
  2108 | D:3      | You fall through a shaft for 2 floors!
  2108 | D:5      | Entered Level 5 of the Dungeon
  2345 | D:5      | Noticed Grinder
  2373 | D:5      | HP: 2/41 [Grinder (3)]
  2373 | D:5      | Slain by Grinder

Vault maps used:
D:1:      dpeg_arrival_water_altar
D:2:      chequers_temple_overflow_statue_of_worship, marbit_many_paths,
          first_ration, evilmike_ruin_ashenzari
D:3:      uniq_purgy, uniq_crazy_yiuf_cottage
D:5:      serial_shops, nicolae_shop_window_shopping, uniq_grinder, uniq_pikel
Abyss:1:  bh_abyss_exit_grid

Skill      XL: |  1  2  3  4 |
---------------+-------------+-----
Armour         | 3 |  3.6
Invocations    | 3 |  3.8
Long Blades    | 3 |  3.2
Fighting       | |  3.2
Dodging        | |  0.8
Shields        | |  0.3

Action                   |  1- 3 |  4- 6 || total
-------------------------+-------+-------++-------
Melee: Falchion          |    83 |   126 ||   209
Invok: Depart the Abyss  |     1 |       ||     1
 Abil: Shaft Self        |       |     1 ||     1
  Use: Potion            |       |     5 ||     5
  Eat: Chunk             |       |     5 ||     5
Armor: Leather armour    |    23 |     3 ||    26
       Chain mail        |       |    83 ||    83
Dodge: Dodged            |    37 |    62 ||    99
Block: Buckler           |       |    11 ||    11
       Rpst.: Falchion   |    18 |    20 ||    38

Table legend:
 A = Spawn XP
 B = Non-spawn XP
 C = Spawn XP percentage of total XP
 D = Spawn monster count
 E = Non-spawn monster count
 F = Spawn count percentage of total count
 G = Total turns spent on level
                    A         B        C        D         E        F      G
               +---------+---------+-------+---------+---------+-------+---------
         Total |       0 |     169 |   0.0 |       0 |      44 |   0.0 |  2373
               +---------+---------+-------+---------+---------+-------+---------
           D:1 |       0 |      25 |   0.0 |       0 |      14 |   0.0 |   717
           D:2 |       0 |     109 |   0.0 |       0 |      19 |   0.0 |   981
           D:3 |       0 |      32 |   0.0 |       0 |      10 |   0.0 |   309
           D:5 |       0 |       3 |   0.0 |       0 |       1 |   0.0 |   265
               +---------+---------+-------+---------+---------+-------+---------
